Map: Deathaura LE

Players

Throwfordays - Winner!

  • Race: Protoss Protoss
  • League: Bronze
  • Spawn Location: 11:00

VOD

Have the link to the VOD?

Description

Time

  • Played on: June 26, 2020, 2:21 a.m.
  • Length: 5:11
Show
View Real Time Build Order
Export as new Build Order

Throwfordays Protoss - Winner!

Build Orders:  

Get SALT Encoding   

  12  0:04  Probe (Chrono Boost)  
  14  0:21  Probe (Chrono Boost)  
  14  0:31  Pylon  
  14  0:38  Probe (Chrono Boost)  
  15  0:56  Probe (Chrono Boost)  
  16  1:08  Probe (Chrono Boost)  
  16  1:16  Pylon  
  16  1:17  Assimilator  
  16  1:19  Probe (Chrono Boost)  
  18  1:44  Gateway  
  18  1:47  Gateway  
  18  1:51  Probe (Chrono Boost)  
  19  2:02  Probe (Chrono Boost)  
  20  2:14  Probe (Chrono Boost)  
  22  2:40  Probe (Chrono Boost)  
  22  2:50  Cybernetics Core  
  22  2:52  Zealot x2  
  22  2:57  Probe (Chrono Boost)  
  27  3:08  Assimilator  
  27  3:47  Zealot x2  
  27  4:25  Gateway, Zealot x2  
  31  5:08  Pylon  
Tags
 
League
Bronze
Matchup
Co-op
Replay Pack
Multiplayer
Add a new tag
Caveats
  • Supply blocks, unpowered buildings, or Contaminate may cause inaccurate times.
  • Supply counts are checked every 10 seconds.